 Dungeon Crawl Stone Soup version 0.31.0-11-ge490571c62 (webtiles) character file.

Game seed: 15656916507717331983

145 qw the Shooter (level 5, 0/26 HPs)
             Began as a Spriggan Hunter on Feb 4, 2024.
             Incinerated by a bombardier beetle (6 damage)
             ... with a burning spray
             ... on level 4 of the Dungeon.
             The game lasted 00:00:10 (2404 turns).

qw the Shooter (Spriggan Hunter)                    Turns: 2404, Time: 00:00:10

Health: 0/26       AC:  2    Str:  7    XL:     5   Next: 6%
Magic:  6/6        EV: 20    Int: 11    God:
Gold:   154        SH:  5    Dex: 20    Spells: 4/4 levels left

rFire   . . .        a - +0 shortbow
rCold   . . .        (shield currently unavailable)
rNeg    . . .        c - +0 robe
rPois   .            (helmet restricted)
rElec   .            (no cloak)
rCorr   .            (gloves unavailable)
SInv    +            (boots unavailable)
Will    ++...        f - amulet of reflection
Stlth   +            j - ring of willpower
HPRegen 0.24/turn    m - ring of willpower
MPRegen 0.10/turn

%: reflection
@: on fire, glowing, very quick
A: very small, no large weapons, unfitting armour, see invisible, speed 3
a: no special abilities


You were on level 4 of the Dungeon.
You visited 1 branch of the dungeon, and saw 4 of its levels.

You collected 154 gold pieces.


Innate Abilities, Weirdness & Mutations

You are very small and have problems with some larger weapons.
You are too small for most types of armour.
You have supernaturally acute eyesight. (SInv)
You cover ground extremely quickly. (Speed+++)


   Skills:
 - Level 2.2 Fighting
 + Level 5.1 Ranged Weapons
 - Level 5.0 Dodging
 - Level 1.5 Stealth


You had 4 spell levels left.
You didn't know any spells.
Your spell library was empty.

Inventory:

Hand Weapons
 a - a +0 shortbow (weapon)
Armour
 c - a +0 robe (worn)
Jewellery
 f - an amulet of reflection (around neck)
 j - a ring of willpower (left hand)
 m - a ring of willpower (right hand)
Potions
 e - a potion of curing
 g - a potion of invisibility {unknown}
 h - a potion of heal wounds {unknown}
 i - a potion of degeneration {unknown}

Dungeon Overview and Level Annotations

Branches:
Dungeon (4/15)
 Temple: D:4-7

Altars:
Makhleb

Annotations:
D:4 1 runed translucent door, qw's ghost, amateur DEHu


Message History

You kill the kobold!
A quokka comes into view.
You shoot an arrow. The arrow hits the quokka!
You kill the quokka!
The adder hisses angrily.
The bullfrog gives a loud, deep croak!
You now have 154 gold pieces (gained 14).
Found a stone staircase leading down.
A bombardier beetle comes into view.
Found an escape hatch in the ceiling.
You shoot an arrow.
The arrow hits the bombardier beetle but does no damage.
You shoot an arrow. The arrow hits the bombardier beetle.
The bombardier beetle is moderately wounded.
You shoot an arrow. The arrow hits the bombardier beetle.
The bombardier beetle is severely wounded.
You shoot an arrow. The arrow hits the bombardier beetle.
The bombardier beetle is almost dead.
You shoot an arrow.
The arrow hits the bombardier beetle but does no damage.
The bombardier beetle is almost dead.
The bombardier beetle sprays incendiary fluid at you.
The burning spray hits you.
You are covered in liquid fire!
You shoot an arrow. The arrow hits the bombardier beetle!
You kill the bombardier beetle!
The liquid fire burns you!
Your Fighting skill increases to level 2!
You have reached level 5!
You feel clever.
You are on fire!
The liquid fire burns you!
You are on fire!
The liquid fire burns you!
You are on fire!
The liquid fire burns you!
You are on fire!
The liquid fire burns you!
You are on fire!
The liquid fire burns you!
You die...

#.........
.......... <
........ .. ......
~~~ .... .~~¤ ..#
8.... ######.#.¤¤~~¤
###..##.@..¤~~~¤ ##
#....#......¤...
#.###..............
##......)..#........
#.).................
##.......########%>.
##>......+SF~~W ...
#....<...###### ..
#.............


There were no monsters in sight!

Vanquished Creatures
  A bombardier beetle (D:4)
  4 adders
  A dart slug (D:1)
  2 ribbon worms
  5 orcs (D:3)
  4 ball pythons
  3 bats
  7 endoplasms
  4 giant cockroaches
  6 hobgoblins
  2 jackals (D:2)
  2 quokkas
  2 frilled lizards
  5 goblins
  13 kobolds
61 creatures vanquished.

Notes
Turn   | Place    | Note
-------+----------+-------------------------------------------
     0 | D:1      | qw the Spriggan Hunter began the quest for the Orb.
     0 | D:1      | Reached XP level 1. HP: 10/10 MP: 2/2
     0 | D:1      | 0 ||| qw: Version: 0.3-a-160-g6735b56
     0 | D:1      | 0 ||| qw: Game counter: 4668
     0 | D:1      | 0 ||| qw: Melee chars always use a shield: true
     0 | D:1      | 0 ||| qw: God list: Okawaru
     0 | D:1      | 0 ||| qw: Allow faded altars: false
     0 | D:1      | 0 ||| qw: Do Orc after clearing Dungeon:15 true
     0 | D:1      | 0 ||| qw: Do second Lair branch before Depths: true
     0 | D:1      | 0 ||| qw: Lair rune preference: random
     0 | D:1      | 0 ||| qw: Goals: Normal
     0 | D:1      | 0 ||| PLANNING D:1-11
    47 | D:1      | Reached skill level 3 in Dodging
   129 | D:1      | Found a faded altar of an unknown god.
   152 | D:1      | Reached XP level 2. HP: 13/14 MP: 3/3
   742 | D:1      | 742 ||| UPGRADING to amulet of reflection.
   747 | D:1      | 747 ||| READING scroll labelled EHAONI ZEKHLYPT.
   748 | D:1      | 748 ||| READING scroll labelled YCKAWE RENICYPO.
   749 | D:1      | 749 ||| DROPPING scroll of butterflies.
   765 | D:2      | 765 ||| STAIRDANCE
   779 | D:2      | Reached XP level 3. HP: 13/18 MP: 4/4
  1366 | D:2      | Reached XP level 4. HP: 22/22 MP: 5/5
  1654 | D:2      | 1654 ||| DROPPING scarf of shadows.
  1655 | D:2      | 1655 ||| DROPPING ring of flight.
  1656 | D:2      | 1656 ||| UPGRADING to ring of willpower.
  1923 | D:3      | Found a burning altar of Makhleb.
  2274 | D:3      | 2274 ||| UPGRADING to ring of willpower.
  2275 | D:3      | 2275 ||| READING 2 scrolls labelled ARROSCHU WYINN.
  2275 | D:3      | 2275 ||| IDENTIFYING sedimented dark potion
  2276 | D:3      | 2276 ||| READING scroll of identify.
  2276 | D:3      | 2276 ||| IDENTIFYING grey potion
  2277 | D:3      | 2277 ||| READING scroll labelled TAANKA BADGHO.
  2278 | D:3      | 2278 ||| READING scroll labelled LUCEASHR CUOX.
  2279 | D:3      | 2279 ||| READING scroll labelled XIGOCH NOCU.
  2279 | D:3      | 2279 ||| ENCHANTING +0 shortbow.
  2280 | D:3      | 2280 ||| DROPPING potion of attraction.
  2282 | D:3      | 2282 ||| Stepping ~*~*~tactically~*~*~ (cloud).
  2291 | D:3      | HP: 5/23 [poisoned by you (poison gas)]
  2378 | D:4      | Noticed a bullfrog
  2378 | D:4      | Found a runed translucent door.
  2382 | D:4      | Noticed qw's ghost (amateur DEHu)
  2400 | D:4      | Reached XP level 5. HP: 20/26 MP: 6/6
  2403 | D:4      | HP: 6/26 [burnt (4)]
  2404 | D:4      | Incinerated by a bombardier beetle

Levels and vault maps discovered:
D:1:      reono_arrival_mine, layout_basic,
          shapermc_ecumenical_altar_mp_urbaneastern
D:2:      layout_basic, kennysheep_generic_room_4
D:3:      layout_basic, mainiacjoe_overflow_boulevard
D:4:      layout_cave_pools, mainiacjoe_overflow_catwalk, ebering_ghost_sewer_d

Skill      XL: |  1  2  3  4 |
---------------+-------------+-----
Dodging        | 3 4 5 |  5.0
Ranged Weapons | 5 |  5.1
Fighting       | 2 |  2.2
Stealth        | |  1.5

Action                     |  1- 3 |  4- 6 || total
---------------------------+-------+-------++-------
   Fire: Shortbow          |   121 |    61 ||   182
    Use: Scroll            |     2 |     5 ||     7
 Armour: Robe              |    11 |     2 ||    13
  Dodge: Dodged            |    24 |    20 ||    44
  Block: Other             |     4 |     6 ||    10
         Reflection        |       |     1 ||     1

Table legend:
 A = Non-vault XP
 B = Vault XP
 C = Vault XP percentage of total XP
 D = Non-vault monster count
 E = Vault monster count
 F = Vault count percentage of total count
                 A         B        C        D         E       F
            +---------+---------+-------+---------+---------+-------
      Total |     204 |       4 |   1.9 |      59 |       2 |   3.3
            +---------+---------+-------+---------+---------+-------
        D:1 |      39 |       0 |   0.0 |      21 |       0 |   0.0
        D:2 |      59 |       4 |   6.3 |      18 |       2 |  10.0
        D:3 |      61 |       0 |   0.0 |      17 |       0 |   0.0
        D:4 |      45 |       0 |   0.0 |       3 |       0 |   0.0
            +---------+---------+-------+---------+---------+-------
